 Dungeon Sprint DCSS version 0.19.0-9-gfd783f2 (webtiles) character file.

12227 equalderp2856 the Eviscerator (level 11, -11/54 HPs)
             Began as a Felid Fighter on Nov 7, 2016.
             Mangled by Agnes
             ... wielding a +2 antimagic lajatang
              (19 damage)
             ... in the Dungeon (Sprint IX: "|||||||||||||||||||||||||||||").
             The game lasted 00:45:05 (12191 turns).

equalderp2856 the Eviscerator (Felid Fighter)      Turns: 12191, Time: 00:45:05

Health: -11/54     AC:  5    Str: 19    XL:     11   Next: 59%
Magic:  14/14      EV: 33    Int:  9    God:
Gold:   1858       SH:  0    Dex: 17    Spells: 0 memorised, 10 levels left
                                        Lives:  0   Deaths: 4

rFire  . . .     SeeInvis +       - Unarmed
rCold  + . .     Gourm    .     (armour unavailable)
rNeg   . . .     Faith    .     (shield unavailable)
rPois  .         Spirit   .     (helmet unavailable)
rElec  .         Reflect  .     (cloak unavailable)
rCorr  .         Harm     .     (gloves unavailable)
MR     +....     NoTele   +     (boots unavailable)
Stlth  +++++++...               (no amulet)
                                n - +2 ring of protection
                                m - +3 ring of strength

@: quick
A: no armour, no weapons or thrown items, stealth, claws 1, fangs 3, see
invisible, carnivore 3, speed 1, shaggy fur 3, slow metabolism 1, sharp paws
a: no special abilities


You were in the Dungeon.
You were not hungry.

You visited 1 branch You collected 1934 gold pieces.
You spent 76 gold pieces at shops.

Inventory:

Hand Weapons
 K - a +0 arbalest
 L - a cursed -1 club
 N - a +0 spear
 P - a +0 long sword
 R - a +0 halberd
 S - a cursed -1 trident
 T - a +2 antimagic trident
 U - a +0 spear
 V - a +0 spear
Missiles
 y - 23 tomahawks
 A - 17 arrows
 E - 6 tomahawks of returning
 J - 24 bolts
Armour
 z - a +2 cloak of magic resistance
 B - a +3 chain mail
 G - a +1 large shield
 H - +0 mottled dragon scales
 I - a +1 pair of gloves
 M - a +0 robe
 O - a +0 buckler
 Q - a +0 robe
Jewellery
 m - a +3 ring of strength (left paw)
 n - a +2 ring of protection (right paw)
 v - an uncursed ring of fire
 w - an uncursed ring of fire
 C - an uncursed ring of poison resistance
 D - an uncursed amulet of rage
Wands
 l - a wand of lightning (6/15)
 o - a wand of acid (12/15)
 x - a wand of random effects (0/48)
Scrolls
 h - a scroll of blinking
 j - 3 scrolls of remove curse
 k - 2 scrolls of amnesia
 r - 4 scrolls of fog
 s - a scroll of identify
 t - 4 scrolls of fear
 u - a scroll of recharging
 F - 2 scrolls of enchant weapon
Potions
 a - a potion of might
 c - 7 potions of curing
 d - 3 potions of heal wounds
 e - 2 potions of haste
 f - 4 potions of magic
 g - a potion of berserk rage
 i - a potion of invisibility
 p - 3 potions of cure mutation
 q - a potion of brilliance
Comestibles
 b - 10 meat rations


   Skills:
 + Level 9.7 Fighting
 + Level 18.4 Dodging
 + Level 17.8 Stealth
 + Level 26.2 Unarmed Combat
 + Level 3.2 Evocations


You had 10 spell levels left.
You didn't know any spells.

Dungeon Overview and Level Annotations

Branches:
Dungeon (1/1)

Altars:
Cheibriados
Dithmenos
Elyvilon
Fedhas
Gozag
Hepliaklqana
Kikubaaqudgha
Makhleb
Nemelex Xobeh
Okawaru
Qazlal
Ru
Sif Muna
Trog
Uskayaw
Vehumet
Xom
Yredelemnul
Zin
The Shining One
Beogh
Jiyva
Lugonu

Shops:
D [=*=

Annotations:
D Agnes, Azrael, Mara


Innate Abilities, Weirdness & Mutations

You cannot wear armour.
You are incapable of wielding weapons or throwing items.
Your paws allow you to move quietly. (Stealth)
You have sharp claws.
You have razor-sharp teeth.
You have supernaturally acute eyesight. (SInv)
You are carnivorous and can eat meat at any time.
You cover ground quickly.
Your thick and shaggy fur keeps you warm. (AC +3, rC+)
You have a slow metabolism.
Your sharp claws are effective at attacking unaware monsters.


Message History

* * * LOW HITPOINT WARNING * * *
You mangle the vault guard!!
You kill the vault guard!
You closely miss the vault guard. Your bite misses the vault guard.
You claw the vault guard! You claw the vault guard.
The vault guard is moderately wounded.
The vault guard closely misses you.
Items here: )) [[ an enchanted broad axe; a chain mail; a great mace; a plate armour
Things that are here:
a great mace of holy wrath; a plate armour
Things that are here:
a great sword; a plate armour; a human corpse
There is an open door to Vaults:5 here.
You close the door.
A vault guard opens the door.
Agnes the Wanderer comes into view.
She is wielding an antimagic lajatang.
Agnes shouts!
Agnes hits you with an antimagic lajatang!!
You die...

▓p▓.▓
▓.▓
▓.▓.
▓.▓.▓
▓.▓
▓.▓.
▓.▓.▓
▓.▓
▓.▓.
▓p▓.▓
▓.▓
▓.▓.
▓.▓.▓
▓.▓
▓§▓.▓.
▓p▓.▓
▓.▓
▓E▓.▓.
▓.▓
▓†▓
▓.▓.▓.
▓.▓
▓R▓
▓.▓.▓.
▓@▓
▓.▓
▓§▓.▓.
▓i▓
▓.▓
▓§♣'♣.
▓.▓
▓.▓
▓.♣.♣.
▓.▓
▓.▓
▓§♣.♣.
▓.▓
▓.▓
▓†♣.♣.
▓.▓
▓.▓
▓§♣†♣.
▓.▓
▓.▓
▓§♣.♣.
▓.▓
▓.▓
▓§♣.♣.
▓.▓
▓§♣.♣.


You could see Agnes.

Vanquished Creatures
  A nagaraja (D)
  Josephine (D)
  2 ogre magi (D)
  A rakshasa (D)
  6 vault guards (D)
  A centaur warrior (D)
  An anaconda (D)
  2 ghost crabs (D)
  An alligator (D)
  4 orc high priests (D)
  A deep troll shaman (D)
  A shock serpent (D)
  A sea snake (D)
  7 orc knights (D)
  4 orc sorcerers (D)
  2 wolf spiders (D)
  A salamander (D)
  3 manticores (D)
  A black mamba (D)
  2 sirens (D)
  2 guardian serpents (D)
  Psyche (D)
  5 spiny frogs (D)
  An efreet (D)
  4 komodo dragons (D)
  2 demonic crawlers (D)
  A yaktaur (D)
  A tengu conjurer (D)
  A jumping spider (D)
  2 merfolk (D)
  A slime creature (D)
  A two-headed ogre (D)
  2 blink frogs (D)
  3 tyrant leeches (D)
  3 hippogriffs (D)
  4 wraiths (D)
  2 redbacks (D)
  2 water elementals (D)
  A tarantella (shapeshifter) (D)
  A yak (D)
  2 tarantellas (D)
  2 fire elementals (D)
  2 vampire mosquitoes (D)
  A mottled dragon (D)
  2 nagas (D)
  An insubstantial wisp (D)
  A hell hound (D)
  2 water moccasins (D)
  2 porcupines (D)
  9 orc warriors (D)
  A sky beast (D)
  4 ogres (D)
  4 crocodiles (D)
  A bullfrog (D)
  2 crimson imps (D)
  A hound (D)
  7 orc wizards (D)
  5 orc priests (D)
  An iguana (D)
  A worker ant (D)
  An adder (D)
  2 shadow imps (D)
  5 orcs (D)
  2 kobolds (D)
  A jackal skeleton (D)
  3 rats (D)
148 creatures vanquished.

Vanquished Creatures (others)
  2 hydras (D)
  An alligator (D)
  A hornet (D)
  A spriggan (D)
5 creatures vanquished.

Grand Total: 153 creatures vanquished

Notes
Turn   | Place    | Note
-------+----------+-------------------------------------------
     0 | D        | equalderp2856 the Felid Fighter began the quest for the Orb.
     0 | D        | Reached XP level 1. HP: 10/10 MP: 2/2
    19 | D        | Noticed an ogre
    19 | D        | Noticed a sky beast
    19 | D        | Noticed a hound
    26 | D        | Killed an ogre
    26 | D        | Reached skill level 8 in Unarmed Combat
    26 | D        | Reached XP level 2. HP: 15/15 MP: 3/3
    26 | D        | Reached XP level 3. HP: 18/18 MP: 4/4
    26 | D        | Reached XP level 4. HP: 22/22 MP: 5/5
    41 | D        | Killed a sky beast
    41 | D        | Reached skill level 5 in Fighting
    41 | D        | Reached skill level 10 in Unarmed Combat
    41 | D        | Reached XP level 5. HP: 25/26 MP: 6/6
    58 | D        | Found a roughly hewn altar of Beogh.
    58 | D        | Found a snail-covered altar of Cheibriados.
    58 | D        | Found a shadowy altar of Dithmenos.
    58 | D        | Found a white marble altar of Elyvilon.
    58 | D        | Found a blossoming altar of Fedhas.
    58 | D        | Found an opulent altar of Gozag.
    59 | D        | Found a hazy altar of Hepliaklqana.
    60 | D        | Found a viscous altar of Jiyva.
    61 | D        | Found an ancient bone altar of Kikubaaqudgha.
    62 | D        | Found a corrupted altar of Lugonu.
    63 | D        | Found a burning altar of Makhleb.
    64 | D        | Found a sparkling altar of Nemelex Xobeh.
    65 | D        | Found an iron altar of Okawaru.
    66 | D        | Found a stormy altar of Qazlal.
    67 | D        | Found a sacrificial altar of Ru.
    68 | D        | Found a deep blue altar of Sif Muna.
    69 | D        | Found a bloodstained altar of Trog.
    70 | D        | Found a hide-covered altar of Uskayaw.
    71 | D        | Found a radiant altar of Vehumet.
    72 | D        | Found a shimmering altar of Xom.
    73 | D        | Found a basalt altar of Yredelemnul.
    74 | D        | Found a glowing silver altar of Zin.
    75 | D        | Found a glowing golden altar of the Shining One.
   116 | D        | Noticed a hippogriff
   116 | D        | Noticed an orc warrior
   116 | D        | Noticed an ogre
   129 | D        | Gained mutation: You are covered in thick fur. (AC +2) [Felid growth]
   129 | D        | Reached XP level 6. HP: 30/30 MP: 7/7
   132 | D        | Reached skill level 11 in Unarmed Combat
   301 | D        | Killed a hippogriff
   301 | D        | Reached skill level 12 in Unarmed Combat
   354 | D        | Killed an orc warrior
   354 | D        | Reached XP level 7. HP: 21/34 MP: 8/8
   356 | D        | Reached skill level 13 in Unarmed Combat
   511 | D        | Noticed a two-headed ogre
   511 | D        | Noticed a tarantella
   513 | D        | Reached skill level 10 in Dodging
   521 | D        | Killed a two-headed ogre
   524 | D        | Reached skill level 14 in Unarmed Combat
   530 | D        | Reached XP level 8. HP: 39/39 MP: 9/9
   533 | D        | Reached skill level 5 in Stealth
   569 | D        | Noticed Psyche
   576 | D        | Killed Psyche
   576 | D        | Reached skill level 15 in Unarmed Combat
   670 | D        | Noticed a komodo dragon
   670 | D        | Noticed a hippogriff
   670 | D        | Noticed a spiny frog
   701 | D        | Killed a komodo dragon
   704 | D        | Noticed a spiny frog
   709 | D        | Noticed a komodo dragon
   711 | D        | Killed a hippogriff
   711 | D        | Reached skill level 16 in Unarmed Combat
   711 | D        | Reached XP level 9. HP: 38/43 MP: 10/10
   724 | D        | Killed a spiny frog
  1034 | D        | Killed a spiny frog
  1034 | D        | Reached skill level 17 in Unarmed Combat
  1065 | D        | Killed a komodo dragon
  1071 | D        | Noticed a spiny frog
  1071 | D        | Noticed a komodo dragon
  1078 | D        | Killed a spiny frog
  1087 | D        | Killed a komodo dragon
  1087 | D        | Reached skill level 18 in Unarmed Combat
  1089 | D        | Noticed a komodo dragon
  1096 | D        | Reached XP level 10. HP: 43/47 MP: 11/11
  1115 | D        | Slain by a komodo dragon
  1116 | D        | Reached XP level 9. HP: -1/43 MP: 10/10
  1200 | D        | Noticed Josephine
  1211 | D        | Killed Josephine
  1211 | D        | Reached skill level 19 in Unarmed Combat
  1373 | D        | Found Iheluat's Jewellery Shoppe.
  1373 | D        | Noticed an orc high priest
  1373 | D        | Noticed an orc sorcerer
  1373 | D        | Noticed an orc knight
  1373 | D        | Noticed an orc sorcerer
  1377 | D        | Noticed an orc sorcerer
  1378 | D        | Killed an orc sorcerer
  1378 | D        | Reached XP level 10. HP: 33/47 MP: 11/11
  1379 | D        | Noticed a smoke demon
  1380 | D        | Noticed an orc knight
  1387 | D        | Noticed a smoke demon
  1390 | D        | Killed from afar by a smoke demon
  1391 | D        | Reached XP level 9. HP: -6/43 MP: 10/10
  1504 | D        | Killed a komodo dragon
  1513 | D        | Noticed a tyrant leech
  1513 | D        | Noticed a tyrant leech
  1513 | D        | Noticed a tyrant leech
  1513 | D        | Noticed a spiny frog
  1967 | D        | Killed a tyrant leech
  1967 | D        | Reached skill level 10 in Stealth
  1974 | D        | Killed a tyrant leech
  1974 | D        | Reached skill level 20 in Unarmed Combat
  2500 | D        | Noticed a spiny frog
  2510 | D        | Killed a tyrant leech
  2514 | D        | Killed a spiny frog
  2518 | D        | Killed a spiny frog
  2518 | D        | Reached XP level 10. HP: 47/47 MP: 11/11
  2640 | D        | Noticed an orc knight
  2910 | D        | Killed an orc knight
  2938 | D        | Reached skill level 15 in Dodging
  3716 | D        | Noticed an orc knight
  3716 | D        | Noticed an orc knight
  3721 | D        | Killed an orc knight
  3721 | D        | Reached skill level 21 in Unarmed Combat
  4330 | D        | Killed an orc knight
  4714 | D        | Noticed an orc sorcerer
  4765 | D        | Killed an orc sorcerer
  4874 | D        | Found Fuoneis's Armour Emporium.
  4874 | D        | Noticed an orc high priest
  4874 | D        | Noticed an orc knight
  4874 | D        | Noticed an orc knight
  4874 | D        | Noticed an orc high priest
  4876 | D        | Killed an orc high priest
  4878 | D        | Noticed a sun demon
  4878 | D        | Noticed a smoke demon
  5134 | D        | Killed an orc knight
  5457 | D        | Killed an orc knight
  5457 | D        | Reached skill level 22 in Unarmed Combat
  5457 | D        | Reached XP level 11. HP: 34/51 MP: 12/12
  5560 | D        | Killed an orc high priest
  5886 | D        | Found Sesch's Jewellery Shoppe.
  5890 | D        | Found Atuyh's Assorted Antiques.
  5948 | D        | Noticed an orc high priest
  5954 | D        | Noticed a sixfirhy
  5954 | D        | Noticed a sun demon
  5959 | D        | Killed an orc high priest
  6179 | D        | Killed an orc sorcerer
  6278 | D        | Bought a sharpened fluorescent wand for 76 gold pieces
  6409 | D        | Killed an orc knight
  6409 | D        | Reached skill level 1 in Evocations
  6573 | D        | Killed an orc high priest
  6590 | D        | Killed an orc knight
  6590 | D        | Reached skill level 23 in Unarmed Combat
  6805 | D        | Killed an orc sorcerer
  6845 | D        | Noticed a centaur warrior
  6850 | D        | Noticed a rakshasa
  8064 | D        | Killed a centaur warrior
  8503 | D        | Killed a rakshasa
  8561 | D        | Noticed an ogre mage
  8572 | D        | Killed an ogre mage
  8603 | D        | Noticed a deep troll shaman
  8606 | D        | Noticed an ogre mage
  8686 | D        | Killed a deep troll shaman
  8686 | D        | Gained mutation: Your thick and shaggy fur keeps you warm. (AC +3, rC+) [Felid growth]
  8686 | D        | Reached XP level 12. HP: 27/56 MP: 15/15
  8859 | D        | Reached skill level 24 in Unarmed Combat
  8898 | D        | Killed an ogre mage
  9101 | D        | Got the +6 trident "Grim" {freeze, Stlth+}
 10431 | D        | Noticed a four-headed hydra
 10431 | D        | Noticed an alligator
 10431 | D        | Noticed a five-headed hydra
 10431 | D        | Noticed a ghost crab
 10432 | D        | Noticed a ghost crab
 10437 | D        | Killed a four-headed hydra
 10439 | D        | Killed a five-headed hydra
 10439 | D        | Killed an alligator
 10468 | D        | Killed an alligator
 10676 | D        | Killed a ghost crab
 10709 | D        | Killed a ghost crab
 10709 | D        | Reached skill level 15 in Stealth
 10940 | D        | Noticed a nagaraja
 10940 | D        | Noticed an anaconda
 10944 | D        | Reached skill level 25 in Unarmed Combat
 11295 | D        | Killed a nagaraja
 11590 | D        | Killed an anaconda
 11771 | D        | Reached XP level 13. HP: 50/60 MP: 16/16
 11894 | D        | Noticed Azrael
 12051 | D        | Killed from afar by Azrael
 12052 | D        | Reached XP level 12. HP: -24/57 MP: 15/15
 12063 | D        | Noticed Mara
 12083 | D        | Killed from afar by Mara
 12084 | D        | Reached XP level 11. HP: 0/53 MP: 14/14
 12111 | D        | Noticed a vault guard
 12111 | D        | Noticed a vault guard
 12111 | D        | Noticed a vault guard
 12111 | D        | Noticed a vault guard
 12111 | D        | Noticed a vault guard
 12111 | D        | Noticed a vault guard
 12112 | D        | Noticed a vault guard
 12113 | D        | Killed a vault guard
 12114 | D        | Noticed a vault guard
 12118 | D        | Killed a vault guard
 12119 | D        | Noticed a vault guard
 12125 | D        | Killed a vault guard
 12125 | D        | Reached skill level 26 in Unarmed Combat
 12129 | D        | Killed a vault guard
 12130 | D        | Noticed a vault guard
 12138 | D        | Noticed a vault guard
 12138 | D        | Killed a vault guard
 12140 | D        | Noticed a vault guard
 12147 | D        | HP: 2/54 [vault guard/dire flail (6)]
 12148 | D        | Killed a vault guard
 12186 | D        | Noticed Agnes
 12191 | D        | Mangled by Agnes

Skill      XL: |  1  2  3  4  5  6  7  8  9 10 11 12 |
---------------+-------------------------------------+-----
Fighting       | 4 5 6 7 8 9 |  9.7
Dodging        | 6 7 8 9 10 12 14 15 16 18 | 18.4
Stealth        | 2 3 4 6 10 12 17 16 | 17.8
Unarmed Combat | 8 10 12 14 16 20 22 26 25 | 26.2
Evocations     | 2 3 |  3.2

Action                   |  1- 3 |  4- 6 |  7- 9 | 10-12 | 13-15 || total
-------------------------+-------+-------+-------+-------+-------++-------
Melee: Unarmed           |    15 |    50 |   166 |   402 |    13 ||   646
       Bite              |     2 |     9 |    20 |    42 |     4 ||    77
       Punch             |     1 |     2 |    14 |    49 |     4 ||    70
Evoke: Wand              |       |     1 |       |     5 |       ||     6
  Use: Scroll            |       |       |       |     2 |       ||     2
       Potion            |       |       |       |     4 |       ||     4
 Stab: Sleeping          |     1 |       |     1 |     9 |       ||    11
       Distracted        |       |       |     1 |     5 |       ||     6
       Held in net/web   |       |       |       |     2 |       ||     2
  Eat: Chunk             |       |       |     1 |     1 |       ||     2
       Meat ration       |       |       |       |     3 |       ||     3
Armor: Skin              |       |     3 |     3 |     8 |     2 ||    16
Dodge: Dodged            |     8 |    51 |    81 |   297 |     9 ||   446
